 Dungeon Crawl Stone Soup version 0.20-a0-870-g4070442 (console) character file.

137 hittembot the Shield-Bearer (level 5, 0/42 HPs)
             Began as a Formicid Fighter on Mar 13, 2017.
             Slain by an orc
             ... wielding a +0 short sword
              (3 damage)
             ... on level 3 of the Dungeon.
             The game lasted 00:00:51 (1585 turns).

hittembot the Shield-Bearer (Formicid Fighter)      Turns: 1585, Time: 00:00:51

Health: 0/42       AC:  7    Str: 20    XL:     5   Next: 43%
Magic:  5/5        EV:  8    Int:  8    God:
Gold:   89         SH:  9    Dex: 11    Spells: 4/4 levels left

rFire    . . .     SeeInvis +   a - +0 war axe
rCold    . . .     Gourm    .   b - +0 scale mail
rNeg     . . .     Faith    .   c - +0 shield
rPois    .         Spirit   .   (helmet unavailable)
rElec    .         Reflect  .   (no cloak)
rCorr    .         Harm     .   (no gloves)
MR       .....                  (no boots)
Stlth    ..........             (no amulet)
Regen    0.2/turn               (no ring)
MPRegen  0.1/turn               (no ring)

@: no status effects
A: permanent stasis, dig shafts and tunnels, four strong arms, antennae 3
a: Dig, Shaft Self


You were on level 3 of the Dungeon.
You were not hungry.

You visited 1 branch of the dungeon, and saw 3 of its levels.

You collected 89 gold pieces.

Inventory:

Hand Weapons
 a - a +0 war axe (weapon)
Armour
 b - a +0 scale mail (worn)
 c - a +0 shield (worn)
Jewellery
 j - an uncursed amulet of the gourmand {unknown}
Scrolls
 h - 4 scrolls of identify {unknown}
 k - a scroll of blinking {unknown}
 m - a scroll of magic mapping {unknown}
 o - a scroll of remove curse {unknown}
 p - a scroll of teleportation {unknown}
 r - a scroll of immolation {unknown}
 s - a scroll of noise {unknown}
Potions
 d - a potion of might
 e - 3 potions of curing {unknown}
 l - 2 potions of mutation {unknown}
 q - a potion of heal wounds {unknown}
 t - a potion of agility {unknown}
 u - a potion of ambrosia {unknown}
Books
 i - a book of the Earth

   Spells                             Type                      Level
   a - Leda's Liquefaction            Hexes/Earth                  4
   b - Bolt of Magma                  Conjuration/Fire/Earth       5
   c - Statue Form                    Transmutation/Earth          6
   d - Iron Shot                      Conjuration/Earth            6
   e - Shatter                        Earth                        9
Comestibles
 f - 2 bread rations
 g - 3 meat rations


   Skills:
 + Level 3.7 Fighting
 + Level 3.4 Axes
 + Level 4.1 Armour
 + Level 0.8 Dodging
 + Level 4.6 Shields


You had 4 spell levels left.
You didn't know any spells.

Dungeon Overview and Level Annotations

Branches:
Dungeon (3/15)

Altars:


Innate Abilities, Weirdness & Mutations

You cannot be hasted, slowed, berserked, paralysed or teleported.
You can dig through walls and to a lower floor.
Your four strong arms can wield two-handed weapons with a shield.
You have a pair of large antennae on your head. (SInv)


Message History

Your shield and scale mail prevent you from hitting the orc priest.
The orc priest is heavily wounded.
You hit the orc wizard. You closely miss the orc.
The orc wizard hits you with a dagger.
The orc priest calls down the wrath of Beogh upon you.
Beogh smites you!
* * * LOW HITPOINT WARNING * * *
You block the orc wizard's attack. You block the orc's attack.
The orc priest hits you but does no damage.
You slash the orc wizard!
You kill the orc wizard!
Your Axes skill increases to level 3!
You have reached level 5!
You hit the orc but do no damage. You slash the orc priest!
You kill the orc priest!
The orc hits you but does no damage.
You hit the orc but do no damage.
The orc is heavily wounded.
The orc completely misses you. The orc hits you with a short sword.
You die...

#.#########
#.........#
.........#
#........#
#........#
####........#
.......[)...#
#..)@)...#
#..o.....#
#.....<..#
########## {


You could see an orc.

Vanquished Creatures
  An orc priest (D:3)
  An orc wizard (D:3)
  4 adders
  An ooze (D:1)
  A worm (D:2)
  A dart slug (D:1)
  2 orcs (D:3)
  5 bats
  2 giant cockroaches (D:2)
  5 goblins
  5 hobgoblins (D:2)
  A kobold (D:1)
  A quokka (D:2)
  2 frilled lizards
  3 rats
35 creatures vanquished.

Notes
Turn   | Place    | Note
-------+----------+-------------------------------------------
     0 | D:1      | hittembot the Formicid Fighter began the quest for the Orb.
     0 | D:1      | Reached XP level 1. HP: 18/18 MP: 1/1
   225 | D:1      | Reached XP level 2. HP: 22/24 MP: 2/2
   789 | D:2      | Reached XP level 3. HP: 29/29 MP: 3/3
  1124 | D:2      | Reached XP level 4. HP: 35/37 MP: 4/4
  1584 | D:3      | Reached XP level 5. HP: 2/42 MP: 5/5
  1585 | D:3      | Slain by an orc

Vault maps used:
D:1:      dpeg_arrival_rooms_c
D:3:      elyvilon_altar_5, first_bread, uniq_grinder

Skill      XL: |  1  2  3  4 |
---------------+-------------+-----
Shields        | 4 |  4.6
Armour         | 4 |  4.1
Axes           | 3 |  3.4
Fighting       | |  3.7
Dodging        | |  0.8

Action                   |  1- 3 |  4- 6 || total
-------------------------+-------+-------++-------
Melee: War axe           |    79 |    42 ||   121
  Eat: Chunk             |     1 |     1 ||     2
Armor: Scale mail        |    47 |    28 ||    75
Dodge: Dodged            |    21 |    24 ||    45
Block: Shield            |    41 |    32 ||    73
